[Event "41st Amateur D7"]
[Site "ChessGUI4"]
[Date "2013.07.09"]
[Round "24.4"]
[White "ProChess 1.02AD"]
[Black "Butcher 1.64 64-bit"]
[Result "0-1"]
[BlackElo "2355"]
[ECO "B30"]
[EventDate "2013.??.??"]
[TimeControl "40/1500:40/1500:40/1500"]
[WhiteElo "2244"]

{ i5 Quad } 1.e4 c5 2.Nf3 Nc6 3.Nc3 e5 4.Bc4 Be7 5.d3 d6 6.O-O Nf6 7.Ng5 O-O 8.f4 Bg4 9.Nf3 exf4 { [%eval -46,11] [%emt 0:01: 06] (Nd4) } 10.Bxf4
{ [%eval 5,13] [%emt 0:02:08] (Bxf4) } 10...Na5
{ [%eval -41,10] [%emt 0:01:00] (Nd4) } 11.h3
{ [%eval 20,11] [%emt 0:00:41] (Qc1) } 11...Nxc4
{ [%eval -34,11] [%emt 0:00:59] (Bh5) } 12.hxg4
{ [%eval 28,14] [%emt 0:01:03] (dxc4) } 12...Nb6
{ [%eval -28,13] [%emt 0:00:58] (Nb6) } 13.g5
{ [%eval 25,13] [%emt 0:00:56] (g5) } 13...Ne8
{ [%eval -26,11] [%emt 0:01:03] (Ng4) } 14.a4
{ [%eval 27,12] [%emt 0:01:19] (a4) } 14...a5
{ [%eval -9,12] [%emt 0:00:55] (Nc7) } 15.d4
{ [%eval 42, 12] [%emt 0:00:59] (Qe1) } 15...Qc8
{ [%eval -12,11] [%emt 0:01:02] (f6) } 16.Nh4
{ [%eval 50,11] [%emt 0:00:37] (dxc5) } 16...Qd8
{ [%eval 2,12] [%emt 0:01:01] (g6) } 17.dxc5
{ [%eval 55,13] [%emt 0:00:41] (dxc5) } 17...Bxg5
{ [%eval -1,12] [%emt 0:01:00] (Bxg5) } 18.Bxg5
{ [%eval 77,13] [%emt 0:00:27] (Bxg5) } 18...Qxg5
{ [%eval 17,13] [%emt 0:00:59] (Qxg5) } 19.cxb6
{ [%eval 76,13] [%emt 0:00:34] (cxb6) } 19...Qxh4
{ [%eval 14,13] [%emt 0:00:58] (Qxh4) } 20.Qd4
{ [%eval 82,13] [%emt 0:00:59] (Qd3) } 20...Rc8
{ [%eval 10,12] [%emt 0:00:56] (Qd8) } 21.Rf5
{ [%eval 70,12] [%emt 0: 01:06] (Rad1) } 21...Rc6
{ [%eval 18,13] [%emt 0:01:24] (Nf6) } 22.Rxa5
{ [%eval 55,11] [%emt 0:00:20] (Raf1) } 22...Nf6
{ [%eval 26,12] [%emt 0:00:45] (Nf6) } 23.Qf2
{ [%eval 42,10] [%emt 0:00:31] (Qf2) } 23...Qxf2+
{ [%eval 26,12] [%emt 0:00:44] (Qxf2) } 24.Kxf2
{ [%eval 42,13] [%emt 0:00:22] (Kxf2) } 24...Re8
{ [%eval 21,12] [%emt 0:00: 43] (Re8) } 25.Kf3
{ [%eval 58,13] [%emt 0:00:27] (Kf3) } 25...Rxb6
{ [%eval 16,13] [%emt 0:00:43] (Nd7) } 26.Rb5
{ [%eval 57,14] [%emt 0:00:23] (Rb5) } 26...Rxb5
{ [%eval 16,14] [%emt 0:00:42] (Nd7) } 27.axb5
{ [%eval 55,14] [%emt 0:00:24] (axb5) } 27...h5
{ [%eval 25,13] [%emt 0:00:42] (Kf8) } 28.Ra7
{ [%eval 67,13] [%emt 0: 00:27] (Ra7) } 28...Re7
{ [%eval 36,14] [%emt 0:00:41] (Rb8) } 29.Ra8+
{ [%eval 72,14] [%emt 0:00:16] (Nd5) } 29...Kh7
{ [%eval 47,14] [%emt 0:00:40] (Kh7) } 30.Rd8
{ [%eval 62,15] [%emt 0:02:38] (Nd5) } 30...Rd7
{ [%eval 19,13] [%emt 0:00:39] (Re6) } 31.Rxd7
{ [%eval 73,14] [%emt 0:00:13] (Rb8) } 31...Nxd7
{ [%eval 20,13] [%emt 0:00: 38] (Nxd7) } 32.Ke3
{ [%eval 76,13] [%emt 0:00:23] (Ke3) } 32...Kg8
{ [%eval 15,13] [%emt 0:00:37] (Kg8) } 33.Nd5
{ [%eval 69,12] [%emt 0:00:15] (Kd4) } 33...Kf8
{ [%eval 6,12] [%emt 0:00:31] (Kf8) } 34.Kd4
{ [%eval 65,12] [%emt 0:00:20] (b3) } 34...Nc5
{ [%eval 7,12] [%emt 0:00:29] (Ke8) } 35.b6
{ [%eval 67,12] [%emt 0:00:09] (Ke3) } 35...Ne6+
{ [%eval 2,12] [%emt 0:00:28] (Ne6) } 36.Kd3
{ [%eval 53,14] [%emt 0: 00:25] (Ke3) } 36...Ke8
{ [%eval 0,13] [%emt 0:00:26] (Ke8) } 37.b3
{ [%eval 50,13] [%emt 0:00:15] (c3) } 37...Kd7
{ [%eval 0,12] [%emt 0:00:24] (Kd7) } 38.b4
{ [%eval 50, 13] [%emt 0:00:23] (Ke3) } 38...h4
{ [%eval -3,13] [%emt 0:00:22] (h4) } 39.c4
{ [%eval 38,13] [%emt 0:00:15] (b5) } 39...Ng5
{ [%eval -18,13] [%emt 0:00:20] (Kc6) } 40.Ke3
{ [%eval 38,13] [%emt 0:00:11] (Nf4) } 40...h3
{ [%eval -37,13] [%emt 0:00:12] (Ne6) } 41.gxh3
{ [%eval 35,16] [%emt 0:00:58] (gxh3) } 41...Nxh3
{ [%eval -40,14] [%emt 0:00:50] (Nxh3) } 42.b5
{ [%eval 25,16] [%emt 0:03:59] (Kd4) } 42...Ng5
{ [%eval -68,15] [%emt 0:00:49] (Ng5) } 43.Nf4
{ [%eval 0,16] [%emt 0:00:39] (Nf4) } 43...Ne6
{ [%eval -69,15] [%emt 0:00:49] (Ne6) } 44.Nd5
{ [%eval 0,16] [%emt 0:00: 58] (Nd5) } 44...Kd8
{ [%eval -87,15] [%emt 0:00:48] (Ng5) } 45.Ke2
{ [%eval 0,17] [%emt 0:00:40] (Kd3) } 45...Nc5
{ [%eval -101,15] [%emt 0:00:48] (Kd7) } 46.Kf3
{ [%eval 0,18] [%emt 0:01:31] (Kf3) } 46...Kd7
{ [%eval -94,15] [%emt 0:01:32] (Kd7) } 47.Kf4
{ [%eval 0,17] [%emt 0:02:44] (Ke3) } 47...Kd8
{ [%eval -111,15] [%emt 0:01:22] (Ke6) } 48.Kf3
{ [%eval 0,17] [%emt 0:00:33] (Ke3) } 48...Nd7 49.Ke3
{ [%eval 0,17] [%emt 0:00:45] (Ke3) } 49...Ne5
{ [%eval -79,15] [%emt 0:00:48] (Nc5) } 50.Kd4
{ [%eval 0,17] [%emt 0:00:59] (Kd4) } 50...Nd7
{ [%eval -110,15] [%emt 0:01:22] (Nd7) } 51.Kd3
{ [%eval 0,16] [%emt 0:00:33] (Ke3) } 51...g5
{ [%eval -105,15] [%emt 0:00:44] (Nc5) } 52.Kd4
{ [%eval 0,16] [%emt 0:00:34] (Kd4) } 52...f6
{ [%eval -81,16] [%emt 0:01:17] (Ke8) } 53.Kc3
{ [%eval -4,15] [%emt 0: 00:25] (Ke3) } 53...Ke8
{ [%eval -142,15] [%emt 0:00:41] (Ke8) } 54.Kd4
{ [%eval -17, 15] [%emt 0:00:36] (Kd3) } 54...Kf7
{ [%eval -127,15] [%emt 0:01:02] (Kf7) } 55.Kd3
{ [%eval -32,15] [%emt 0:00:43] (Ke3) } 55...Ne5+
{ [%eval -158,14] [%emt 0:00:33] (Ke6) } 56.Kd4
{ [%eval -14,16] [%emt 0:01:35] (Kd4) } 56...g4
{ [%eval -101,15] [%emt 0:00: 58] (g4) } 57.Ne3
{ [%eval -12,15] [%emt 0:00:19] (Ke3) } 57...g3
{ [%eval -142,14] [%emt 0:00:32] (g3) } 58.Kd5
{ [%eval -40,16] [%emt 0:00:36] (Kd5) } 58...Ke8
{ [%eval -143,15] [%emt 0:00:31] (Ke8) } 59.Ng2
{ [%eval -43,16] [%emt 0:00:17] (Ng2) } 59...Ke7
{ [%eval -146,16] [%emt 0:00:54] (Kd7) } 60.Nh4
{ [%eval -47,16] [%emt 0:00:18] (Nh4) } 60...Kd7
{ [%eval -158,16] [%emt 0:00:51] (Kd7) } 61.Kd4
{ [%eval -59,16] [%emt 0:00:15] (Kd4) } 61...Ke6
{ [%eval -170,16] [%emt 0:00:48] (Ke6) } 62.Ng2
{ [%eval -80,15] [%emt 0:00:15] (Ng2) } 62...Ng6
{ [%eval -187,15] [%emt 0:00: 26] (Ng6) } 63.Kd3
{ [%eval -101,15] [%emt 0:00:20] (Ke3) } 63...f5
{ [%eval -269,14] [%emt 0:00:24] (f5) } 64.exf5+
{ [%eval -111,16] [%emt 0:00:30] (exf5) } 64...Kxf5
{ [%eval -284,16] [%emt 0:00:25] (Kxf5) } 65.Ke3
{ [%eval -131,16] [%emt 0:00:17] (Kd4) } 65...Kg4
{ [%eval -296,15] [%emt 0:00:22] (Kg4) } 66.Ke4
{ [%eval -167,16] [%emt 0:00:13] (Ke4) } 66...Ne7
{ [%eval -303,15] [%emt 0:00:19] (Nh4) } 67.Ne3+
{ [%eval -193,15] [%emt 0:00:15] (Ne3) } 67...Kh3
{ [%eval -306,15] [%emt 0:00:19] (Kh3) } 68.Kf3
{ [%eval -291,17] [%emt 0:00:17] (Kf3) } 68...Nc8
{ [%eval -322,15] [%emt 0: 00:18] (Nc8) } 69.Ng2
{ [%eval -300,17] [%emt 0:00:26] (Ke4) } 69...Nxb6
{ [%eval -399, 16] [%emt 0:00:32] (Nxb6) } 70.Nf4+
{ [%eval -310,17] [%emt 0:00:10] (Nf4) } 70...Kh2
{ [%eval -411,16] [%emt 0:00:18] (Kh2) } 71.Ke4
{ [%eval -311,16] [%emt 0:00:20] (Ke4) } 71...Nxc4
{ [%eval -464,14] [%emt 0:00:17] (g2) } 72.Kd5
{ [%eval -310,15] [%emt 0:00:09] (Kd5) } 72...Nb2
{ [%eval -443,15] [%emt 0:00:17] (Na3) } 73.Kd4
{ [%eval -330,16] [%emt 0:00:11] (Kxd6) } 73...Kh1
{ [%eval -537,15] [%emt 0:00:17] (Kh1) } 74.Ke4
{ [%eval -368,17] [%emt 0:00:11] (b6) } 74...Na4
{ [%eval -542,14] [%emt 0:00:14] (b6) } 75.Kf3
{ [%eval -361,16] [%emt 0:00:10] (Kf3) } 75...Kh2
{ [%eval -612,14] [%emt 0:00:17] (Kh2) } 76.Ng2
{ [%eval -353,16] [%emt 0:00:08] (Ng2) } 76...Nc3
{ [%eval -670,15] [%emt 0:00:16] (Nc3) } 77.Ne3
{ [%eval -382,17] [%emt 0:00:13] (Ne3) } 77...Kh3
{ [%eval -692,14] [%emt 0:00:16] (Kh3) } 78.b6
{ [%eval -452,16] [%emt 0:00:07] (Ng2) } 78...Na4
{ [%eval -672,15] [%emt 0:00:13] (Na4) } 79.Ng2
{ [%eval -486,16] [%emt 0:00:07] (Ng2) } 79...Nxb6
{ [%eval -710,15] [%emt 0: 00:15] (Nxb6) } 80.Nf4+
{ [%eval -491,15] [%emt 0:00:13] (Ne1) } 80...Kh2
{ [%eval -720,14] [%emt 0:00:13] (Kh2) } 81.Ke4
{ [%eval -548,16] [%emt 0:00:56] (Ng2) } 81...Nc8
{ [%eval -779,15] [%emt 0:01:26] (Nd7) } 82.Nd3
{ [%eval -538,16] [%emt 0:02: 14] (Nd3) } 82...g2
{ [%eval -785,15] [%emt 0:00:48] (g2) } 83.Ne1
{ [%eval -580,16] [%emt 0:01:36] (Ne1) } 83...Ne7
{ [%eval -878,15] [%emt 0:00:46] (Ne7) } 84.Nxg2
{ [%eval -893,17] [%emt 0:06:51] (Kd3) } 84...Kxg2
{ [%eval -849,15] [%emt 0:00:47] (Kxg2) } 0-1

[Event "41st Amateur D7"]
[Site "ChessGUI4"]
[Date "2013.07.09"]
[Round "24.5"]
[White "Waxman 2011"]
[Black "Gibbon 2.57a 64-bit"]
[Result "0-1"]
[BlackElo "2251"]
[ECO "D45"]
[EventDate "2013.??.??"]
[TimeControl "40/1500:40/1500:40/1500"]
[WhiteElo "2256"]

{ i5 Quad } 1.c4 c6 2.Nf3 d5 3.e3 Nf6 4.Nc3 e6 5.d4 Nbd7 6.Qc2 Bd6 7.Bd2 O-O 8.h3 c5 9.O-O-O cxd4 { [%eval 14,13] [%emt 0:01:49] (Re8) } 10.Nxd4
{ [%eval 9,12] [%emt 0:01:12] (Nxd4) } 10...dxc4
{ [%eval 41,14] [%emt 0:01:19] (Ne5) } 11.Bxc4
{ [%eval 21,12] [%emt 0:00:49] (Be1) } 11...Ne5
{ [%eval 52,13] [%emt 0:00:30] (Nb6) } 12.Be2
{ [%eval 0,12] [%emt 0: 00:55] (Ncb5) } 12...Bd7
{ [%eval 45,13] [%emt 0:01:29] (Bd7) } 13.e4
{ [%eval 12,11] [%emt 0:00:37] (e4) } 13...Ng6
{ [%eval 50,12] [%emt 0:00:28] (Bc5) } 14.Bg5
{ [%eval -3,11] [%emt 0:00:41] (Kb1) } 14...Bf4+
{ [%eval 65,12] [%emt 0:00:28] (Rc8) } 15.Bxf4
{ [%eval -12,12] [%emt 0:00:25] (Bxf4) } 15...Nxf4
{ [%eval 63,13] [%emt 0:00:26] (Nxf4) } 16.Bf3
{ [%eval -17,12] [%emt 0:00:43] (Bf3) } 16...Qc7
{ [%eval 62,13] [%emt 0:01:03] (Rc8) } 17.g3
{ [%eval -3,12] [%emt 0:00:41] (Ndb5) } 17...Ng6
{ [%eval 63,13] [%emt 0:00:28] (Ng6) } 18.h4
{ [%eval -12,12] [%emt 0:00:41] (Kb1) } 18...Ne5
{ [%eval 88,12] [%emt 0:00:19] (Ne5) } 19.Be2
{ [%eval -35,12] [%emt 0:00:54] (Kb1) } 19...Rac8
{ [%eval 83,12] [%emt 0:00:20] (Rac8) } 20.f4
{ [%eval -46,12] [%emt 0:00:43] (Rd2) } 20...Nc4
{ [%eval 86,12] [%emt 0:00:17] (Nc4) } 21.Bxc4
{ [%eval -51, 12] [%emt 0:00:39] (Bxc4) } 21...Qxc4
{ [%eval 76,12] [%emt 0:00:06] (Qxc4) } 22.Kb1
{ [%eval -53,12] [%emt 0:00:38] (Kb1) } 22...Rfd8
{ [%eval 75,12] [%emt 0:00:23] (Rfd8) } 23.Rhe1
{ [%eval -61,12] [%emt 0:00:38] (Rhe1) } 23...Qc5
{ [%eval 65,12] [%emt 0:00: 42] (b5) } 24.Nb3
{ [%eval -34,12] [%emt 0:00:40] (e5) } 24...Qc7
{ [%eval 76,12] [%emt 0:00:16] (Qb6) } 25.Qe2
{ [%eval -44,12] [%emt 0:00:35] (Qf2) } 25...Bc6
{ [%eval 68,12] [%emt 0:00:18] (e5) } 26.Nd4
{ [%eval -7,13] [%emt 0:01:06] (Nd4) } 26...Be8
{ [%eval 45,12] [%emt 0:00:17] (Be8) } 27.Nf3
{ [%eval -12,13] [%emt 0:00:52] (Rd3) } 27...b5
{ [%eval 43,12] [%emt 0:00:24] (Rxd1) } 28.a3
{ [%eval -17,12] [%emt 0: 00:40] (Rxd8) } 28...Qb7
{ [%eval 50,12] [%emt 0:00:24] (Qb7) } 29.Rxd8
{ [%eval -26, 13] [%emt 0:00:43] (e5) } 29...Rxd8
{ [%eval 64,12] [%emt 0:00:04] (Rxd8) } 30.e5
{ [%eval -30,12] [%emt 0:00:37] (Ka1) } 30...Nh5
{ [%eval 78,13] [%emt 0:00:14] (Nd5) } 31.Ne4
{ [%eval -15,12] [%emt 0:00:38] (Ne4) } 31...b4
{ [%eval 84,13] [%emt 0:00:18] (b4) } 32.Qe3
{ [%eval -38,12] [%emt 0:00:44] (Qe3) } 32...bxa3
{ [%eval 90,12] [%emt 0:00:18] (Qa6) } 33.Qxa3
{ [%eval -7,11] [%emt 0:00:17] (Qxa3) } 33...Qd5
{ [%eval 84, 12] [%emt 0:00:11] (Qd5) } 34.Nfg5
{ [%eval -35,12] [%emt 0:00:51] (Nfg5) } 34...h6
{ [%eval 70,11] [%emt 0:00:11] (h6) } 35.Nh3
{ [%eval -46,12] [%emt 0:00:47] (Nh3) } 35...Rb8
{ [%eval 81,11] [%emt 0:00:18] (f5) } 36.Nhf2
{ [%eval -19,12] [%emt 0:00: 52] (Nhf2) } 36...Rb3
{ [%eval 93,13] [%emt 0:00:17] (Rb3) } 37.Qe7
{ [%eval -58,12] [%emt 0:00:50] (Qxa7) } 37...Qb5
{ [%eval 96,10] [%emt 0:00:10] (Qb5) } 38.Nd1
{ [%eval -140,12] [%emt 0:00:39] (Nd1) } 38...Qd3+
{ [%eval 144,11] [%emt 0:00:09] (Qd3) } 39.Ka1
{ [%eval -172,12] [%emt 0:00:39] (Ka1) } 39...Bc6
{ [%eval 156,13] [%emt 0: 00:31] (Bc6) } 40.Nc5
{ [%eval -180,12] [%emt 0:00:24] (Nc5) } 40...Qd2
{ [%eval 176, 13] [%emt 0:00:17] (Qd2) } 41.Nxb3
{ [%eval -221,14] [%emt 0:01:10] (Nxb3) } 41...Qxe1
{ [%eval 270,14] [%emt 0:00:09] (Qxe1) } 42.Qd8+
{ [%eval -222,14] [%emt 0:00:41] (Qd8) } 42...Kh7
{ [%eval 233,16] [%emt 0:00:55] (Kh7) } 43.Ka2
{ [%eval -246,14] [%emt 0:00:28] (Ka2) } 43...Qxg3
{ [%eval 245,15] [%emt 0:00:57] (Qxg3) } 44.Qc7
{ [%eval -232,14] [%emt 0:00:56] (Qc7) } 44...Bd5
{ [%eval 254,15] [%emt 0:00:37] (Be4) } 45.Nc3
{ [%eval -229,14] [%emt 0:00:28] (Nc3) } 45...Qxf4
{ [%eval 266,15] [%emt 0:00: 33] (Qxf4) } 46.Qxa7
{ [%eval -230,14] [%emt 0:00:26] (Qxa7) } 46...Bxb3+
{ [%eval 266, 15] [%emt 0:00:54] (Bxb3) } 47.Kxb3
{ [%eval -232,12] [%emt 0:00:07] (Kxb3) } 47...Kg6
{ [%eval 228,15] [%emt 0:01:19] (Ng3) } 48.Qg1+
{ [%eval -230,13] [%emt 0:00:33] (Qg1) } 48...Kf5
{ [%eval 225,12] [%emt 0:00:28] (Kf5) } 49.Qa7
{ [%eval -226,14] [%emt 0:00:41] (Qa7) } 49...Kg4
{ [%eval 234,14] [%emt 0:00:29] (Kg4) } 50.Qe7
{ [%eval -230,14] [%emt 0:00:37] (Ka2) } 50...Qxe5
{ [%eval 246,14] [%emt 0:00:25] (Qf5) } 51.Qxf7
{ [%eval -224,12] [%emt 0:00:09] (Qxf7) } 51...Kxh4
{ [%eval 246,13] [%emt 0:00:33] (Kxh4) } 52.Qf3
{ [%eval -228,12] [%emt 0:00:40] (Qf1) } 52...Ng3
{ [%eval 237,12] [%emt 0:00:34] (Kg5) } 53.Qf2
{ [%eval -225,12] [%emt 0:00:37] (Ka3) } 53...h5
{ [%eval 253,14] [%emt 0:01:27] (Qf6) } 54.Ka2
{ [%eval -229,13] [%emt 0:00:36] (Ka4) } 54...g5
{ [%eval 262,14] [%emt 0:00:41] (g5) } 55.Qh2+
{ [%eval -233,12] [%emt 0:00:31] (Qg2) } 55...Kg4
{ [%eval 262,11] [%emt 0:00:01] (Kg4) } 56.Qd2
{ [%eval -237, 13] [%emt 0:00:48] (Qd2) } 56...Qa5+
{ [%eval 270,14] [%emt 0:01:25] (Qf4) } 57.Kb3
{ [%eval -237,13] [%emt 0:00:45] (Kb3) } 57...h4
{ [%eval 274,13] [%emt 0:00:25] (Qb6) } 58.Qd4+
{ [%eval -232,12] [%emt 0:00:33] (Qd4) } 58...Kh3
{ [%eval 276,14] [%emt 0:00: 41] (Kf5) } 59.Qd2
{ [%eval -241,13] [%emt 0:00:59] (Qe3) } 59...g4
{ [%eval 312,14] [%emt 0:00:40] (Qb6) } 60.Qf2
{ [%eval -245,12] [%emt 0:00:58] (Qe3) } 60...e5
{ [%eval 309,14] [%emt 0:00:17] (Qf5) } 61.Qe3
{ [%eval -249,14] [%emt 0:00:35] (Qg1) } 61...e4
{ [%eval 348,13] [%emt 0:00:21] (Qc7) } 62.Kc2
{ [%eval -262,14] [%emt 0:00:35] (Qd4) } 62...Qb4
{ [%eval 377,15] [%emt 0:01:20] (Qa6) } 63.b3
{ [%eval -261, 15] [%emt 0:00:44] (Qxg3) } 63...Qd6
{ [%eval 435,16] [%emt 0:00:31] (Qf8) } 64.Nd1
{ [%eval -339,16] [%emt 0:00:43] (Kb2) } 64...Qd3+
{ [%eval 722,16] [%emt 0:00:15] (Qd3) } 65.Qxd3
{ [%eval -711,17] [%emt 0:00:20] (Qxd3) } 65...exd3+
{ [%eval 858,18] [%emt 0:00:03] (exd3) } 0-1

[Event "41st Amateur D7"]
[Site "ChessGUI4"]
[Date "2013.07.09"]
[Round "25.1"]
[White "Shallow 1.0 64-bit"]
[Black "Carballo 0.8"]
[Result "1/2-1/2"]
[BlackElo "2273"]
[ECO "E12"]
[EventDate "2013.??.??"]
[TimeControl "40/1500:40/1500:40/1500"]
[WhiteElo "2200"]

{ i5 Quad } 1.d4 Nf6 2.Nf3 e6 3.c4 b6 4.a3 Ba6 5.Nbd2 d5 6.e3 c6 7.Be2 Be7 8.O-O O-O 9.b4 Bb7
{ [%eval -33,12] [%emt 0:00: 37] (c5) } 10.Qc2
{ [%eval 16,14] [%emt 0:00:42] (Bb2) } 10...a5
{ [%eval -10,14] [%emt 0:00:36] (Nbd7) } 11.bxa5
{ [%eval 13,14] [%emt 0:00:42] (bxa5) } 11...Rxa5
{ [%eval -7,13] [%emt 0:00:35] (Rxa5) } 12.Nb3
{ [%eval 10,14] [%emt 0:00:42] (Bb2) } 12...Ra8
{ [%eval 23,13] [%emt 0:00:34] (Ra7) } 13.c5
{ [%eval 7,14] [%emt 0: 00:42] (Bb2) } 13...bxc5
{ [%eval 42,14] [%emt 0:00:33] (bxc5) } 14.dxc5
{ [%eval 1,14] [%emt 0:00:42] (Nxc5) } 14...Nbd7
{ [%eval 102,14] [%emt 0:00:32] (Nbd7) } 15.Nfd2
{ [%eval 0,13] [%emt 0:00:42] (Bb2) } 15...Qc8
{ [%eval 108,14] [%emt 0:00:32] (Ra4) } 16.a4
{ [%eval 1,14] [%emt 0:00:42] (Bb2) } 16...Ba6
{ [%eval 109,14] [%emt 0:00:31] (Ba6) } 17.Bxa6
{ [%eval 0,14] [%emt 0:00:42] (Bxa6) } 17...Qxa6
{ [%eval 101,13] [%emt 0:00:30] (Qxa6) } 18.a5
{ [%eval -2,13] [%emt 0:00:42] (Bb2) } 18...Rfb8
{ [%eval 111,11] [%emt 0:00:29] (e5) } 19.Ba3
{ [%eval -5,12] [%emt 0:00:42] (h3) } 19...Ne5
{ [%eval 112,11] [%emt 0:00:29] (e5) } 20.Qc3
{ [%eval -2,12] [%emt 0:00:42] (Nd4) } 20...Nd3
{ [%eval 117,12] [%emt 0:00:28] (Nfd7) } 21.Qc2
{ [%eval -2,12] [%emt 0:00:42] (Nd4) } 21...e5
{ [%eval 137,13] [%emt 0:00:27] (Rb7) } 22.Ra2
{ [%eval -14, 12] [%emt 0:00:42] (Nf3) } 22...h5
{ [%eval 161,12] [%emt 0:00:26] (Rb7) } 23.Raa1
{ [%eval 11,13] [%emt 0:00:42] (Raa1) } 23...Bd8
{ [%eval 161,11] [%emt 0:00:26] (Rb7) } 24.f3
{ [%eval 6,12] [%emt 0:00:42] (Nf3) } 24...Nd7
{ [%eval 148,11] [%emt 0:00:25] (Bc7) } 25.Rfd1
{ [%eval -25,13] [%emt 0:00:42] (g3) } 25...Qb5
{ [%eval 168,11] [%emt 0:00:24] (Qb5) } 26.Rdb1
{ [%eval -16,14] [%emt 0:00:42] (Rab1) } 26...Qa6
{ [%eval 154,13] [%emt 0:00:24] (Bg5) } 27.Rd1
{ [%eval -16,13] [%emt 0:00:42] (Rd1) } 27...Qb5
{ [%eval 164,12] [%emt 0:00:23] (Qb5) } 28.Rdb1
{ [%eval -15,14] [%emt 0:00:42] (f4) } 28...Bh4
{ [%eval 88,13] [%emt 0:00:23] (Bg5) } 29.Nd4
{ [%eval 0,13] [%emt 0: 00:42] (g3) } 29...Qa6
{ [%eval 124,15] [%emt 0:00:22] (Bf2) } 30.Nxc6
{ [%eval -2,13] [%emt 0:00:42] (Nxc6) } 30...Rc8
{ [%eval 124,14] [%emt 0:00:21] (Rc8) } 31.Nb4
{ [%eval -24,14] [%emt 0:00:42] (Nb4) } 31...Bf2+
{ [%eval 134,16] [%emt 0:00:21] (Bf2) } 32.Kh1
{ [%eval -27,15] [%emt 0:00:42] (Kh1) } 32...Nxb4
{ [%eval 136,15] [%emt 0:00: 20] (Nxb4) } 33.Bxb4
{ [%eval -31,14] [%emt 0:00:42] (Bxb4) } 33...Bxe3
{ [%eval 127, 14] [%emt 0:00:20] (Bxe3) } 34.Qf5
{ [%eval -33,13] [%emt 0:00:42] (Qf5) } 34...Rc7
{ [%eval 130,13] [%emt 0:00:19] (Qe6) } 35.Qxh5
{ [%eval -23,12] [%emt 0:00:42] (Qxh5) } 35...Bd4
{ [%eval 138,12] [%emt 0:00:19] (Rb7) } 36.Ra3
{ [%eval -36,12] [%emt 0:00:42] (Ra2) } 36...Nxc5
{ [%eval 149,12] [%emt 0:00:18] (Bxc5) } 37.Bxc5
{ [%eval -47,12] [%emt 0:00:42] (Bxc5) } 37...Bxc5
{ [%eval 118,13] [%emt 0:00:18] (Rxc5) } 38.Ra2
{ [%eval -85,12] [%emt 0:00:42] (Ra4) } 38...Qe2
{ [%eval 138,12] [%emt 0:00:17] (Qe2) } 39.h3
{ [%eval -112,11] [%emt 0:00:42] (Qf5) } 39...Bd4
{ [%eval 154,11] [%emt 0:00:17] (Bd4) } 40.Qh4
{ [%eval -130,12] [%emt 0:00:42] (Qf5) } 40...Bc3
{ [%eval 166,13] [%emt 0:00:17] (Bc3) } 41.Rc1
{ [%eval -124,12] [%emt 0:00:37] (Rc1) } 41...e4
{ [%eval 169,13] [%emt 0:00:54] (e4) } 42.Re1
{ [%eval -104,12] [%emt 0:00:37] (Re1) } 42...Qd3
{ [%eval 197,15] [%emt 0:00:52] (Qd3) } 43.Qf4
{ [%eval -108,12] [%emt 0:00:37] (Qf4) } 43...Rxa5
{ [%eval 197,15] [%emt 0:00:51] (exf3) } 44.Qxc7
{ [%eval 0,12] [%emt 0:00:37] (Qxc7) } 44...Rxa2
{ [%eval 199,17] [%emt 0:00:50] (Rxa2) } 45.Qd8+
{ [%eval 0,12] [%emt 0:00:37] (Qd8) } 45...Kh7
{ [%eval 198,18] [%emt 0:00:48] (Kh7) } 46.Qh4+
{ [%eval 0,13] [%emt 0:00:37] (Qh4) } 46...Kg6
{ [%eval 198,17] [%emt 0:00:47] (Kg6) } 47.Qg3+
{ [%eval 0,13] [%emt 0:00:37] (Qg4) } 47...Kh5
{ [%eval -90,19] [%emt 0:00:46] (Kh7) } 48.Qg4+
{ [%eval 0, 12] [%emt 0:00:37] (Qg4) } 48...Kh6
{ [%eval 208,17] [%emt 0:00:45] (Kh6) } 49.Qh4+
{ [%eval 0,12] [%emt 0:00:37] (Qh4) } 49...Kg6
{ [%eval 197,17] [%emt 0:00:44] (Kg6) } 50.Qg3+
{ [%eval 0,13] [%emt 0:00:37] (Qg4) } 50...Kh7
{ [%eval -90,19] [%emt 0:00:43] (Kh7) } 51.Qh4+
{ [%eval 0,17] [%emt 0:00:37] (Qh4) } 51...Kg8
{ [%eval -90,20] [%emt 0:00:42] (Kg6) } 52.Qd8+
{ [%eval 0,14] [%emt 0:00:37] (Qd8) } 52...Kh7
{ [%eval -90, 18] [%emt 0:00:40] (Kh7) } 53.Qh4+
{ [%eval 0,18] [%emt 0:00:37] (Qh4) } 1/2-1/2